Map: Cyber Forest LE

Players

DarwinAwdWnr - Winner!

  • Race: Zerg Zerg
  • League: Silver
  • Spawn Location: 5:00

MachuPichhu

  • Race: Zerg Zerg
  • League: Gold
  • Spawn Location: 11:00

VOD

Have the link to the VOD?

Description

Time

  • Played on: June 16, 2019, 3:13 p.m.
  • Length: 13:11
Show
View Real Time Build Order
Export as new Build Order

DarwinAwdWnr Zerg - Winner!

Build Orders: Hatch First, Zergling Baneling 

Get SALT Encoding   

  12  0:01  Drone  
  13  0:09  Drone  
  14  0:17  Overlord  
  14  0:35  Drone x3  
  17  0:53  Hatchery  
  16  1:01  Drone x2  
  18  1:05  Extractor  
  17  1:17  Spawning Pool  
  16  1:20  Drone  
  16  1:22  Drone  
  18  1:39  Drone  
  19  1:42  Drone  
  20  1:51  Overlord  
  20  2:04  Zergling x2  
  20  2:07  Zergling x2  
  22  2:10  Metabolic Boost  
  22  2:13  Queen x2  
  26  2:15  Zergling x2  
  27  2:32  Zergling x2  
  27  2:33  Zergling x4  
  30  2:47  Baneling Nest  
  30  2:49  Zergling x2  
  30  2:50  Zergling x4  
  32  2:54  Spine Crawler  
  29  3:10  Zergling x2  
  29  3:11  Zergling x8  
  30  3:18  Zergling x2  
  29  3:21  Zergling x2  
  29  3:22  Zergling x2  
  29  3:27  Zergling x2  
  29  3:28  Zergling x4  
  29  3:32  Baneling x3  
  25  4:01  Baneling x2  
  25  4:02  Drone, Queen x2  
  29  4:20  Baneling x5  
  29  4:34  Zergling x2  
  28  4:47  Zergling x2  
  28  4:48  Zergling x10  
  32  5:20  Baneling x3  
  31  5:22  Zergling x2  
  31  5:23  Overlord x2, Zergling x4, Hatchery  
  33  5:48  Zergling x2  
  33  5:49  Zergling x16  
  33  6:21  Baneling x5  
  24  6:53  Drone  
  24  6:54  Drone x8  
  29  7:00  Roach Warren  
  31  7:15  Drone x3  
  32  7:16  Drone x4  
  32  7:18  Lair  
  32  7:21  Extractor  
  37  7:23  Extractor  
  37  7:24  Extractor  
  37  7:26  Queen  
  37  7:48  Roach x6  
  49  7:57  Zergling x2  
  49  7:58  Roach  
  52  8:02  Zergling x2  
  52  8:03  Zergling x10  
  58  8:45  Overlord x3  
  58  8:50  Spire  
  58  8:54  Drone  
  58  9:12  Drone x10  
  68  9:49  Overlord x2  
  68  9:56  Baneling x4  
  68  10:03  Mutalisk  
  68  10:04  Mutalisk x6  
  82  10:15  Overlord x2  
  82  10:17  Mutalisk  
  82  10:18  Mutalisk  
  86  10:28  Drone x6  
  87  10:29  Drone x6  
  96  10:59  Mutalisk  
  96  11:00  Mutalisk x3  
  96  11:01  Zergling x2  
  96  11:02  Zergling x10  
  110  11:17  Zergling x6  
  110  11:18  Zergling x2  
  103  11:50  Mutalisk x6  
  103  11:52  Spore Crawler  
  103  11:53  Spore Crawler  
  105  11:56  Spore Crawler x2  
  102  12:06  Corruptor  
  88  12:17  Mutalisk x2  
  88  12:20  Queen x3  
  78  12:30  Spore Crawler x2  
Show
View Real Time Build Order
Export as new Build Order

MachuPichhu Zerg 

Build Orders: Pool First 

Get SALT Encoding   

  12  0:17  Spawning Pool  
  11  0:25  Drone, Extractor  
  11  0:29  Drone  
  11  0:35  Drone  
  13  0:45  Overlord  
  13  0:51  Drone  
  14  1:04  Drone  
  15  1:09  Queen  
  17  1:17  Zergling x2  
  18  1:21  Drone  
  19  1:33  Metabolic Boost  
  19  1:35  Zergling x2  
  20  1:42  Zergling x2  
  21  1:52  Overlord  
  21  2:03  Zergling x2  
  22  2:19  Zergling x2  
  22  2:21  Hatchery  
  22  2:23  Zergling x2  
  23  2:33  Zergling x2  
  23  2:34  Zergling x4  
  26  2:45  Zergling x2  
  27  3:02  Zergling x2  
  27  3:03  Zergling x4  
  29  3:10  Zergling x2  
  28  3:19  Zergling x2  
  28  3:20  Queen  
  29  3:29  Overlord  
  24  3:38  Drone x2  
  23  4:01  Zergling x2  
  23  4:02  Zergling x10  
  28  4:11  Zergling x4  
  30  4:18  Spine Crawler  
  30  4:19  Drone  
  30  4:26  Drone  
  30  4:27  Drone  
  24  4:46  Zergling x10  
  27  5:02  Zergling x8  
  27  5:03  Zergling x2  
  32  5:13  Zergling x4  
  34  5:26  Zergling x2  
  34  5:27  Zergling x2  
  36  5:29  Roach Warren  
  35  5:38  Baneling Nest  
  25  5:50  Zergling x2  
  25  5:51  Zergling x6  
  26  6:07  Zergling x8  
  26  6:08  Zergling x2  
  30  6:22  Roach  
  30  6:23  Roach  
  34  6:26  Baneling  
  34  6:27  Baneling  
  34  6:28  Baneling x2  
  34  6:35  Roach  
  25  6:53  Roach x3  
  31  6:56  Zergling x2  
  32  7:08  Queen  
  34  7:19  Roach  
  34  7:20  Roach  
  38  7:30  Overlord  
  38  7:39  Overlord  
  38  7:57  Drone  
  38  7:58  Drone x4  
  43  8:06  Drone  
  43  8:07  Drone x2  
  46  8:24  Drone  
  46  8:25  Drone x3  
  50  8:35  Extractor  
  49  8:48  Lair  
  49  8:53  Drone x2  
  50  9:12  Overlord  
  50  9:13  Overlord  
  50  9:16  Hatchery  
  49  9:31  Drone x10  
  59  9:42  Queen  
  61  9:48  Spire  
  60  9:59  Drone x5  
  67  10:00  Drone x2  
  67  10:04  Extractor  
  67  10:05  Extractor  
  65  10:10  Overlord x2  
  65  10:15  Drone x2  
  65  10:20  Extractor x2  
  61  11:00  Mutalisk x7  
  61  11:01  Mutalisk x3  
  81  11:09  Mutalisk x2  
  67  11:27  Mutalisk x2  
  66  11:43  Zergling x2  
  66  11:44  Zergling x6  
  31  12:24  Zergling x2  
Tags
 
Matchup
ZvZ
Race
Zerg
Replay Pack
10.7.19
Spawn Locations
Cross Positions
Add a new tag
Caveats
  • Supply blocks, unpowered buildings, or Contaminate may cause inaccurate times.
  • Supply counts are checked every 10 seconds.